[ PARTIDA AOE2 · #478436155 ]
UnrankedIndostaníes vs Bohemians
Equipo del jugador · DERR
[ ANÁLISIS DE REPETICIÓN · EXTRAÍDO DE LA PARTIDA GRABADA ]
Feudal
14:58
Castillos
21:32
Imperial
34:59
| APM promedio | 24.7 |
| APM pico | 58 |
| eAPM promedio | 18.9 |
| Aldeanos / militares | 161 / 100 |
Foco
⚔️ 29.9% · 🌾 70.1%
Spearman ×47 · Ghulam ×30 · Scout Cavalry ×23 · Trade Cart ×1
Feudal
—
Castillos
—
Imperial
—
| APM promedio | 20.7 |
| APM pico | 49 |
| eAPM promedio | 12.0 |
| Aldeanos / militares | 116 / 53 |
Foco
⚔️ 24.3% · 🌾 75.7%
Scout Cavalry ×30 · Janissary ×15 · Trade Cart ×8 · Monk ×5 · Spearman ×3
Feudal
12:14
Castillos
20:06
Imperial
33:39
| APM promedio | 17.9 |
| APM pico | 33 |
| eAPM promedio | 12.5 |
| Aldeanos / militares | 85 / 52 |
Foco
⚔️ 24.9% · 🌾 75.1%
Spearman ×26 · Bombard Cannon ×16 · Hussite Wagon ×10
Feudal
12:55
Castillos
17:49
Imperial
30:16
| APM promedio | 15.2 |
| APM pico | 32 |
| eAPM promedio | 13.0 |
| Aldeanos / militares | 118 / 65 |
Foco
⚔️ 24.0% · 🌾 76.0%
War Elephant ×31 · Archer ×29 · Trade Cart ×12 · Bombard Cannon ×3 · Monk ×1 · Trebuchet (Packed) ×1
Feudal
12:21
Castillos
16:41
Imperial
27:12
| APM promedio | 29.5 |
| APM pico | 83 |
| eAPM promedio | 18.7 |
| Aldeanos / militares | 114 / 145 |
Foco
⚔️ 32.5% · 🌾 67.5%
Hand Cannoneer ×76 · Camel Scout ×44 · Skirmisher ×15 · Bombard Cannon ×10 · Trade Cart ×5
Feudal
12:37
Castillos
16:17
Imperial
34:50
| APM promedio | 25.9 |
| APM pico | 80 |
| eAPM promedio | 13.1 |
| Aldeanos / militares | 92 / 67 |
Foco
⚔️ 26.0% · 🌾 74.0%
Spearman ×32 · Conquistador ×31 · Trade Cart ×17 · Petard ×2 · Trebuchet (Packed) ×2
Feudal
11:23
Castillos
15:18
Imperial
21:57
| APM promedio | 21.3 |
| APM pico | 40 |
| eAPM promedio | 12.2 |
| Aldeanos / militares | 54 / 30 |
Foco
⚔️ 18.2% · 🌾 81.8%
Archer ×27 · Skirmisher ×2 · Monk ×1
Feudal
13:03
Castillos
16:52
Imperial
29:53
| APM promedio | 27.9 |
| APM pico | 55 |
| eAPM promedio | 21.8 |
| Aldeanos / militares | 181 / 78 |
Foco
⚔️ 23.0% · 🌾 77.0%
War Elephant ×64 · Scout Cavalry ×13 · Trade Cart ×5 · Monk ×1
Mapa de la partida
Recursos iniciales + cada clic de construcción. Líneas = muros · curvas = relieve. ◆ oro · ⬟ piedra · ● bayas · ✦ reliquia · ◌ hueco del cierre
Tu base· ✓ Cerrada en 21:32 · 13t muro · sin puerta
Base de SHADOW2727z· ✓ Cerrada en 22:13 · 58t muro · 2 puerta(s)
Base de Сибирь· Abierta — el rival se encerró
Base de Showergod· ✓ Cerrada en 17:49 · 0t muro · sin puerta
Base de anhdeptraibd· Abierta — el rival se encerró
Base de atilaalmogaver· ✓ Cerrada en 16:17 · 0t muro · sin puerta
Base de Wololo· Abierta — el rival se encerró
Base de 魔兽难民· Abierta — el rival se encerró
Terreno inicial suavizado · ◌ = hueco del cierre detectado · pasá el cursor para detalles
Inputs por minuto
— Art88P - - SHADOW2727z
Build order — Art88P
Primeras 150 de 416 acciones detectadas
| 0:02 | Investigar | Loom |
| 0:03 | Crear | Villager (Male) |
| 0:03 | Crear | Villager (Male) |
| 0:05 | Construir | House |
| 0:07 | Construir | House |
| 0:30 | Crear | Villager (Male) |
| 0:31 | Crear | Villager (Male) |
| 0:31 | Crear | Villager (Male) |
| 1:19 | Construir | Palisade Wall |
| 2:00 | Construir | Palisade Wall |
| 2:22 | Crear | Villager (Male) |
| 2:22 | Crear | Villager (Male) |
| 2:22 | Crear | Villager (Male) |
| 2:22 | Crear | Villager (Male) |
| 2:22 | Crear | Villager (Male) |
| 2:55 | Crear | Villager (Male) |
| 2:55 | Crear | Villager (Male) |
| 2:55 | Crear | Villager (Male) |
| 3:29 | Crear | Villager (Male) |
| 3:29 | Crear | Villager (Male) |
| 4:00 | Crear | Villager (Male) |
| 4:00 | Crear | Villager (Male) |
| 4:00 | Crear | Villager (Male) |
| 4:52 | Crear | Villager (Male) |
| 4:52 | Crear | Villager (Male) |
| 5:09 | Construir | House |
| 5:11 | Construir | House |
| 5:19 | Crear | Villager (Male) |
| 5:19 | Crear | Villager (Male) |
| 5:20 | Crear | Villager (Male) |
| 5:45 | Crear | Villager (Male) |
| 5:53 | Crear | Villager (Male) |
| 6:02 | Construir | Palisade Wall |
| 6:04 | Construir | Palisade Wall |
| 6:18 | Crear | Villager (Male) |
| 6:49 | Crear | Villager (Male) |
| 7:00 | Construir | Palisade Wall |
| 7:00 | Construir | Palisade Wall |
| 7:06 | Crear | Villager (Male) |
| 7:06 | Crear | Villager (Male) |
| 7:11 | Construir | Mill |
| 7:35 | Crear | Villager (Male) |
| 7:36 | Crear | Villager (Male) |
| 8:20 | Crear | Villager (Male) |
| 8:20 | Crear | Villager (Male) |
| 8:20 | Crear | Villager (Male) |
| 8:40 | Crear | Villager (Male) |
| 8:40 | Crear | Villager (Male) |
| 8:50 | Construir | House |
| 9:08 | Crear | Villager (Male) |
| 9:08 | Crear | Villager (Male) |
| 9:09 | Crear | Villager (Male) |
| 9:36 | Crear | Villager (Male) |
| 9:36 | Crear | Villager (Male) |
| 9:50 | Construir | House |
| 9:52 | Construir | House |
| 10:10 | Crear | Villager (Male) |
| 10:11 | Crear | Villager (Male) |
| 10:11 | Crear | Villager (Male) |
| 10:25 | Crear | Villager (Male) |
| 10:46 | Crear | Villager (Male) |
| 10:46 | Crear | Villager (Male) |
| 10:46 | Crear | Villager (Male) |
| 10:50 | Construir | Lumber Camp |
| 11:04 | Crear | Villager (Male) |
| 11:05 | Crear | Villager (Male) |
| 11:07 | Crear | Villager (Male) |
| 11:07 | Crear | Villager (Male) |
| 11:16 | Crear | Villager (Male) |
| 11:38 | Crear | Villager (Male) |
| 11:39 | Crear | Villager (Male) |
| 11:39 | Crear | Villager (Male) |
| 12:18 | Crear | Villager (Male) |
| 12:40 | Investigar | Feudal Age |
| 12:41 | Investigar | Feudal Age |
| 13:23 | Construir | House |
| 13:24 | Construir | House |
| 13:41 | Construir | Palisade Wall |
| 13:47 | Construir | Palisade Wall |
| 14:01 | Construir | Palisade Wall |
| 14:16 | Construir | Mill |
| 14:29 | Construir | Mining Camp |
| 14:39 | Crear | Villager (Male) |
| 14:39 | Crear | Villager (Male) |
| 14:42 | Crear | Villager (Male) |
| 14:42 | Crear | Villager (Male) |
| 14:58 | Edad | Edad Feudal |
| 15:04 | Construir | House |
| 15:09 | Construir | Farm |
| 15:20 | Construir | Market |
| 15:26 | Construir | House |
| 15:52 | Construir | Farm |
| 16:13 | Construir | Blacksmith |
| 16:17 | Construir | Farm |
| 16:19 | Construir | Farm |
| 16:23 | Crear | Villager (Male) |
| 16:24 | Crear | Villager (Male) |
| 16:28 | Construir | Farm |
| 17:09 | Construir | Mining Camp |
| 17:17 | Construir | House |
| 18:27 | Crear | Villager (Male) |
| 18:28 | Crear | Villager (Male) |
| 18:37 | Investigar | Castle Age |
| 18:42 | Construir | Lumber Camp |
| 18:51 | Investigar | Double-Bit Axe |
| 18:51 | Investigar | Double-Bit Axe |
| 19:53 | Construir | Farm |
| 19:53 | Construir | Farm |
| 19:54 | Construir | Farm |
| 19:54 | Construir | Farm |
| 19:54 | Construir | Farm |
| 20:27 | Investigar | Horse Collar |
| 20:42 | Investigar | Wheelbarrow |
| 21:32 | Edad | Edad de los Castillos |
| 21:39 | Construir | Town Center |
| 21:46 | Crear | Villager (Male) |
| 21:46 | Crear | Villager (Male) |
| 21:52 | Crear | Villager (Male) |
| 22:02 | Investigar | Bow Saw |
| 22:02 | Investigar | Bow Saw |
| 22:34 | Crear | Villager (Male) |
| 22:36 | Crear | Villager (Male) |
| 22:37 | Crear | Villager (Male) |
| 22:42 | Crear | Villager (Male) |
| 22:49 | Crear | Villager (Male) |
| 23:06 | Crear | Villager (Male) |
| 23:10 | Crear | Villager (Male) |
| 23:17 | Construir | Town Center |
| 23:37 | Crear | Villager (Male) |
| 23:45 | Crear | Villager (Male) |
| 23:46 | Crear | Villager (Male) |
| 23:47 | Crear | Villager (Male) |
| 23:48 | Crear | Villager (Male) |
| 23:54 | Crear | Villager (Male) |
| 23:55 | Crear | Villager (Male) |
| 23:57 | Crear | Villager (Male) |
| 24:07 | Construir | Town Center |
| 24:22 | Crear | Villager (Male) |
| 24:31 | Construir | Mill |
| 24:32 | Construir | Farm |
| 24:32 | Construir | Farm |
| 24:32 | Construir | Farm |
| 24:33 | Construir | Farm |
| 24:33 | Construir | Farm |
| 24:33 | Construir | Farm |
| 24:35 | Construir | Farm |
| 24:37 | Construir | Farm |
| 24:40 | Construir | Farm |
| 24:43 | Construir | Farm |
| 24:43 | Construir | Farm |
Build order — SHADOW2727z
Primeras 150 de 338 acciones detectadas
| 0:17 | Crear | Villager (Male) |
| 0:17 | Investigar | Loom |
| 0:23 | Construir | Mill |
| 0:40 | Crear | Villager (Male) |
| 0:40 | Crear | Villager (Male) |
| 0:41 | Crear | Villager (Male) |
| 0:45 | Construir | House |
| 2:12 | Crear | Villager (Male) |
| 2:12 | Crear | Villager (Male) |
| 2:50 | Construir | Palisade Wall |
| 2:55 | Crear | Villager (Male) |
| 2:55 | Crear | Villager (Male) |
| 3:21 | Crear | Villager (Male) |
| 3:22 | Crear | Villager (Male) |
| 3:35 | Construir | Palisade Wall |
| 3:38 | Construir | House |
| 3:53 | Crear | Villager (Male) |
| 3:53 | Crear | Villager (Male) |
| 4:08 | Construir | House |
| 4:22 | Crear | Villager (Male) |
| 4:22 | Crear | Villager (Male) |
| 4:50 | Construir | Palisade Wall |
| 4:55 | Crear | Villager (Male) |
| 4:55 | Crear | Villager (Male) |
| 4:55 | Crear | Villager (Male) |
| 5:16 | Crear | Villager (Male) |
| 5:17 | Crear | Villager (Male) |
| 5:34 | Construir | Palisade Wall |
| 5:40 | Crear | Villager (Male) |
| 5:40 | Crear | Villager (Male) |
| 6:02 | Crear | Villager (Male) |
| 6:03 | Crear | Villager (Male) |
| 6:19 | Construir | Lumber Camp |
| 6:34 | Crear | Villager (Male) |
| 6:34 | Crear | Villager (Male) |
| 6:44 | Construir | House |
| 7:02 | Crear | Villager (Male) |
| 7:03 | Crear | Villager (Male) |
| 7:41 | Crear | Villager (Male) |
| 7:41 | Crear | Villager (Male) |
| 7:42 | Crear | Villager (Male) |
| 8:05 | Construir | Palisade Wall |
| 8:21 | Construir | Palisade Gate |
| 8:25 | Crear | Villager (Male) |
| 8:54 | Crear | Villager (Male) |
| 8:54 | Crear | Villager (Male) |
| 9:44 | Construir | Lumber Camp |
| 9:50 | Crear | Villager (Male) |
| 10:19 | Crear | Villager (Male) |
| 10:26 | Construir | House |
| 11:27 | Investigar | Feudal Age |
| 13:03 | Construir | Mill |
| 13:18 | Construir | Mining Camp |
| 13:22 | Crear | Villager (Male) |
| 13:47 | Construir | Stone Wall |
| 13:54 | Construir | Gate |
| 14:03 | Investigar | Wheelbarrow |
| 14:12 | Construir | Lumber Camp |
| 15:11 | Construir | Barracks |
| 15:18 | Crear | Villager (Male) |
| 15:18 | Crear | Villager (Male) |
| 15:36 | Construir | Market |
| 15:42 | Crear | Villager (Male) |
| 15:48 | Crear | Spearman |
| 15:49 | Crear | Spearman |
| 15:58 | Construir | Stone Wall |
| 16:10 | Construir | House |
| 16:19 | Investigar | Double-Bit Axe |
| 16:38 | Crear | Spearman |
| 17:20 | Construir | Gate |
| 17:24 | Crear | Villager (Male) |
| 17:32 | Construir | Mill |
| 17:42 | Construir | Blacksmith |
| 17:54 | Crear | Villager (Male) |
| 17:54 | Crear | Villager (Male) |
| 17:59 | Investigar | Horse Collar |
| 18:12 | Construir | Stone Wall |
| 18:21 | Construir | Stone Wall |
| 18:25 | Construir | House |
| 18:29 | Construir | House |
| 18:51 | Crear | Villager (Male) |
| 19:04 | Construir | House |
| 19:19 | Construir | House |
| 19:25 | Construir | Farm |
| 19:27 | Crear | Villager (Male) |
| 19:33 | Crear | Trade Cart |
| 19:34 | Crear | Trade Cart |
| 19:51 | Construir | Stone Wall |
| 19:55 | Construir | Farm |
| 19:56 | Crear | Villager (Male) |
| 20:02 | Construir | House |
| 20:04 | Construir | House |
| 20:12 | Construir | House |
| 20:16 | Crear | Villager (Male) |
| 20:17 | Construir | Farm |
| 20:42 | Construir | Farm |
| 20:44 | Crear | Villager (Male) |
| 20:56 | Construir | House |
| 21:08 | Construir | Farm |
| 21:26 | Construir | Mining Camp |
| 21:37 | Construir | Farm |
| 21:41 | Crear | Villager (Male) |
| 21:50 | Construir | House |
| 22:11 | Construir | Farm |
| 22:13 | Investigar | Castle Age |
| 22:31 | Investigar | Stone Mining |
| 22:36 | Investigar | Gold Mining |
| 22:41 | Crear | Trade Cart |
| 22:41 | Crear | Trade Cart |
| 22:50 | Construir | House |
| 23:22 | Construir | House |
| 23:32 | Construir | House |
| 24:10 | Construir | House |
| 24:29 | Crear | Trade Cart |
| 24:45 | Construir | Market |
| 25:06 | Construir | Town Center |
| 25:14 | Construir | Monastery |
| 25:21 | Investigar | Hand Cart |
| 25:25 | Investigar | Bow Saw |
| 25:41 | Crear | Trade Cart |
| 25:46 | Crear | Monk |
| 26:09 | Construir | Town Center |
| 26:13 | Crear | Villager (Male) |
| 26:14 | Crear | Villager (Male) |
| 26:28 | Construir | House |
| 26:31 | Construir | House |
| 26:36 | Crear | Villager (Male) |
| 26:40 | Crear | Monk |
| 26:57 | Construir | Farm |
| 26:58 | Crear | Villager (Male) |
| 27:03 | Crear | Villager (Male) |
| 27:08 | Construir | Farm |
| 27:10 | Construir | Farm |
| 27:12 | Construir | Farm |
| 27:44 | Construir | Farm |
| 27:46 | Crear | Villager (Male) |
| 27:49 | Crear | Villager (Male) |
| 27:59 | Construir | House |
| 28:10 | Construir | University |
| 28:15 | Crear | Villager (Male) |
| 28:17 | Construir | Farm |
| 28:19 | Crear | Villager (Male) |
| 28:19 | Crear | Villager (Male) |
| 28:27 | Crear | Trade Cart |
| 28:29 | Crear | Trade Cart |
| 28:38 | Crear | Monk |
| 29:15 | Crear | Villager (Male) |
| 29:17 | Construir | Farm |
| 29:20 | Crear | Villager (Male) |
| 29:20 | Crear | Villager (Male) |
Build order — Сибирь
Primeras 150 de 301 acciones detectadas
| 0:01 | Crear | Villager (Male) |
| 0:02 | Crear | Villager (Male) |
| 0:02 | Crear | Villager (Male) |
| 0:02 | Crear | Villager (Male) |
| 0:02 | Crear | Villager (Male) |
| 0:03 | Construir | House |
| 0:05 | Construir | House |
| 1:11 | Investigar | Loom |
| 1:14 | Crear | Villager (Male) |
| 1:40 | Crear | Villager (Male) |
| 1:59 | Crear | Villager (Male) |
| 2:41 | Crear | Villager (Male) |
| 2:55 | Construir | House |
| 3:01 | Construir | House |
| 3:13 | Construir | House |
| 3:19 | Construir | Palisade Wall |
| 3:25 | Crear | Villager (Male) |
| 3:32 | Crear | Villager (Male) |
| 4:03 | Construir | Palisade Wall |
| 4:11 | Crear | Villager (Male) |
| 4:22 | Construir | Palisade Wall |
| 4:28 | Construir | Palisade Wall |
| 4:34 | Construir | House |
| 4:41 | Crear | Villager (Male) |
| 5:00 | Construir | House |
| 5:09 | Crear | Villager (Male) |
| 5:29 | Construir | House |
| 5:32 | Crear | Villager (Male) |
| 5:51 | Construir | Lumber Camp |
| 6:01 | Crear | Villager (Male) |
| 6:19 | Crear | Villager (Male) |
| 6:43 | Crear | Villager (Male) |
| 7:03 | Crear | Villager (Male) |
| 7:45 | Construir | House |
| 7:50 | Construir | House |
| 7:57 | Construir | Mill |
| 8:05 | Crear | Villager (Male) |
| 8:09 | Crear | Villager (Male) |
| 8:12 | Construir | House |
| 8:16 | Construir | House |
| 8:19 | Construir | Palisade Wall |
| 8:20 | Construir | Palisade Wall |
| 8:21 | Construir | Palisade Wall |
| 8:23 | Construir | Palisade Wall |
| 8:24 | Construir | Palisade Wall |
| 8:44 | Construir | Mining Camp |
| 9:17 | Construir | House |
| 9:54 | Construir | House |
| 10:04 | Investigar | Feudal Age |
| 10:31 | Construir | House |
| 10:37 | Construir | Palisade Wall |
| 11:19 | Construir | House |
| 11:51 | Construir | House |
| 12:02 | Construir | Farm |
| 12:05 | Construir | Farm |
| 12:13 | Construir | House |
| 12:14 | Edad | Edad Feudal |
| 12:16 | Crear | Villager (Male) |
| 12:17 | Crear | Villager (Male) |
| 12:30 | Construir | Stone Wall |
| 12:37 | Construir | Gate |
| 12:47 | Construir | Farm |
| 12:48 | Crear | Villager (Male) |
| 13:03 | Crear | Villager (Male) |
| 13:34 | Crear | Villager (Male) |
| 13:54 | Crear | Villager (Male) |
| 14:18 | Construir | Lumber Camp |
| 14:23 | Crear | Villager (Male) |
| 14:39 | Construir | House |
| 15:01 | Construir | Farm |
| 15:14 | Crear | Villager (Male) |
| 15:34 | Construir | Farm |
| 15:43 | Crear | Villager (Male) |
| 15:50 | Construir | Market |
| 15:55 | Crear | Villager (Male) |
| 16:12 | Construir | Blacksmith |
| 16:15 | Construir | House |
| 16:23 | Crear | Villager (Male) |
| 17:12 | Construir | Farm |
| 17:22 | Construir | Farm |
| 17:26 | Investigar | Castle Age |
| 17:35 | Construir | Farm |
| 18:01 | Construir | Stone Wall |
| 18:08 | Construir | Farm |
| 18:12 | Investigar | Horse Collar |
| 18:20 | Construir | Farm |
| 18:29 | Construir | Mining Camp |
| 18:54 | Construir | Stone Wall |
| 18:55 | Construir | Stone Wall |
| 18:58 | Construir | Stone Wall |
| 18:59 | Construir | Stone Wall |
| 19:01 | Construir | Stone Wall |
| 19:12 | Investigar | Double-Bit Axe |
| 19:15 | Crear | Villager (Male) |
| 19:44 | Construir | Stone Wall |
| 20:06 | Edad | Edad de los Castillos |
| 20:08 | Construir | Stone Wall |
| 20:12 | Crear | Villager (Male) |
| 20:30 | Construir | Market |
| 20:40 | Construir | Stone Wall |
| 21:16 | Construir | Castle |
| 21:32 | Crear | Villager (Male) |
| 21:34 | Crear | Villager (Male) |
| 21:51 | Construir | Stone Wall |
| 21:53 | Construir | Stone Wall |
| 22:03 | Crear | Hussite Wagon |
| 22:08 | Crear | Hussite Wagon |
| 22:18 | Crear | Villager (Male) |
| 22:33 | Construir | House |
| 22:57 | Crear | Villager (Male) |
| 22:57 | Crear | Villager (Male) |
| 23:13 | Crear | Villager (Male) |
| 23:32 | Crear | Villager (Male) |
| 23:41 | Crear | Hussite Wagon |
| 24:16 | Crear | Villager (Male) |
| 24:35 | Crear | Villager (Male) |
| 24:44 | Crear | Hussite Wagon |
| 24:55 | Crear | Villager (Male) |
| 25:11 | Crear | Villager (Male) |
| 25:48 | Crear | Villager (Male) |
| 25:57 | Construir | House |
| 26:01 | Construir | House |
| 26:05 | Construir | Farm |
| 26:06 | Construir | Farm |
| 26:06 | Construir | Farm |
| 26:06 | Construir | Farm |
| 26:11 | Construir | Farm |
| 26:12 | Construir | Farm |
| 26:12 | Construir | Farm |
| 26:13 | Crear | Villager (Male) |
| 26:27 | Construir | Town Center |
| 26:32 | Investigar | Bow Saw |
| 26:44 | Crear | Villager (Male) |
| 26:47 | Construir | Farm |
| 26:49 | Construir | Farm |
| 26:51 | Construir | Farm |
| 26:52 | Crear | Villager (Male) |
| 26:53 | Construir | Farm |
| 26:55 | Construir | Farm |
| 26:55 | Construir | Farm |
| 26:55 | Construir | Farm |
| 26:58 | Construir | Farm |
| 26:59 | Construir | Farm |
| 27:00 | Construir | Farm |
| 27:01 | Crear | Villager (Male) |
| 27:16 | Crear | Villager (Male) |
| 27:29 | Construir | Farm |
| 27:31 | Construir | Farm |
| 27:43 | Construir | Gate |
| 27:55 | Crear | Villager (Male) |
Build order — Showergod
Primeras 150 de 352 acciones detectadas
| 0:02 | Crear | Villager (Male) |
| 0:02 | Crear | Villager (Male) |
| 0:02 | Crear | Villager (Male) |
| 0:02 | Crear | Villager (Male) |
| 0:02 | Crear | Villager (Male) |
| 0:03 | Crear | Villager (Male) |
| 0:04 | Construir | House |
| 0:05 | Construir | House |
| 1:12 | Construir | House |
| 1:21 | Construir | Lumber Camp |
| 1:35 | Crear | Villager (Male) |
| 1:35 | Crear | Villager (Male) |
| 1:49 | Construir | House |
| 1:51 | Construir | House |
| 2:20 | Construir | House |
| 3:02 | Crear | Villager (Male) |
| 3:03 | Crear | Villager (Male) |
| 3:16 | Crear | Villager (Male) |
| 3:36 | Construir | House |
| 3:45 | Construir | House |
| 3:47 | Construir | House |
| 3:49 | Construir | House |
| 3:52 | Crear | Villager (Male) |
| 3:52 | Crear | Villager (Male) |
| 4:13 | Construir | House |
| 4:17 | Construir | House |
| 4:29 | Crear | Villager (Male) |
| 4:29 | Crear | Villager (Male) |
| 4:49 | Crear | Villager (Male) |
| 5:08 | Construir | House |
| 5:12 | Construir | House |
| 5:16 | Construir | House |
| 5:31 | Crear | Villager (Male) |
| 5:40 | Construir | Mill |
| 5:50 | Crear | Villager (Male) |
| 5:51 | Crear | Villager (Male) |
| 6:07 | Crear | Villager (Male) |
| 6:08 | Crear | Villager (Male) |
| 6:42 | Construir | Mining Camp |
| 6:51 | Crear | Villager (Male) |
| 6:51 | Crear | Villager (Male) |
| 7:18 | Crear | Villager (Male) |
| 7:18 | Crear | Villager (Male) |
| 7:19 | Crear | Villager (Male) |
| 8:23 | Crear | Villager (Male) |
| 8:23 | Crear | Villager (Male) |
| 8:24 | Crear | Villager (Male) |
| 8:24 | Crear | Villager (Male) |
| 8:54 | Crear | Villager (Male) |
| 8:54 | Crear | Villager (Male) |
| 9:14 | Construir | Farm |
| 9:26 | Crear | Villager (Male) |
| 9:26 | Crear | Villager (Male) |
| 10:25 | Crear | Villager (Male) |
| 10:25 | Crear | Villager (Male) |
| 10:30 | Construir | Mill |
| 10:51 | Investigar | Feudal Age |
| 11:06 | Construir | Barracks |
| 11:16 | Crear | Villager (Male) |
| 12:25 | Construir | Lumber Camp |
| 12:54 | Crear | Villager (Male) |
| 12:55 | Edad | Edad Feudal |
| 13:27 | Construir | Blacksmith |
| 13:37 | Construir | Market |
| 13:42 | Crear | Villager (Male) |
| 14:02 | Crear | Villager (Male) |
| 14:29 | Crear | Villager (Male) |
| 14:55 | Construir | Stable |
| 15:00 | Crear | Villager (Male) |
| 15:06 | Investigar | Double-Bit Axe |
| 15:13 | Investigar | Castle Age |
| 15:25 | Construir | Lumber Camp |
| 15:31 | Construir | Farm |
| 15:32 | Investigar | Horse Collar |
| 15:40 | Construir | Farm |
| 16:06 | Construir | Farm |
| 16:14 | Investigar | Gold Mining |
| 16:20 | Construir | Farm |
| 16:23 | Construir | Farm |
| 16:27 | Construir | Farm |
| 16:46 | Construir | House |
| 16:55 | Crear | Trade Cart |
| 16:58 | Crear | Villager (Male) |
| 17:35 | Investigar | Bloodlines |
| 17:49 | Edad | Edad de los Castillos |
| 17:51 | Construir | Town Center |
| 18:00 | Investigar | Bow Saw |
| 18:10 | Construir | Farm |
| 18:13 | Crear | Villager (Male) |
| 18:17 | Construir | Farm |
| 18:24 | Crear | Villager (Male) |
| 18:33 | Construir | Farm |
| 18:42 | Crear | Villager (Male) |
| 18:55 | Construir | Farm |
| 18:57 | Crear | Villager (Male) |
| 19:19 | Crear | Villager (Male) |
| 19:25 | Construir | House |
| 19:38 | Construir | Palisade Gate |
| 19:39 | Construir | House |
| 19:40 | Construir | House |
| 19:47 | Construir | Monastery |
| 19:50 | Investigar | Heavy Plow |
| 19:52 | Crear | Villager (Male) |
| 19:52 | Crear | Villager (Male) |
| 20:15 | Crear | Villager (Male) |
| 20:15 | Crear | Villager (Male) |
| 20:15 | Crear | Villager (Male) |
| 20:20 | Construir | Farm |
| 20:23 | Construir | Farm |
| 20:24 | Crear | Villager (Male) |
| 20:24 | Crear | Villager (Male) |
| 20:29 | Construir | Farm |
| 20:34 | Construir | Farm |
| 20:37 | Crear | Monk |
| 20:41 | Construir | Farm |
| 20:43 | Crear | Villager (Male) |
| 20:43 | Crear | Villager (Male) |
| 20:55 | Crear | Villager (Male) |
| 20:57 | Investigar | Loom |
| 21:11 | Crear | Villager (Male) |
| 21:19 | Construir | Lumber Camp |
| 21:21 | Crear | Villager (Male) |
| 22:16 | Construir | Farm |
| 22:32 | Crear | Villager (Male) |
| 22:33 | Crear | Villager (Male) |
| 22:33 | Crear | Villager (Male) |
| 22:33 | Crear | Villager (Male) |
| 22:38 | Construir | Lumber Camp |
| 22:44 | Construir | Town Center |
| 22:47 | Investigar | Caravan |
| 22:47 | Crear | Trade Cart |
| 22:55 | Construir | Farm |
| 23:03 | Construir | Lumber Camp |
| 23:06 | Crear | Villager (Male) |
| 23:06 | Crear | Villager (Male) |
| 23:16 | Investigar | Stone Mining |
| 23:21 | Construir | Farm |
| 23:41 | Investigar | Loom |
| 23:42 | Crear | Villager (Male) |
| 23:42 | Crear | Villager (Male) |
| 23:56 | Construir | Gate |
| 23:59 | Construir | House |
| 24:00 | Construir | House |
| 24:02 | Construir | House |
| 24:02 | Construir | House |
| 24:03 | Construir | House |
| 24:05 | Crear | Villager (Male) |
| 24:05 | Crear | Villager (Male) |
| 24:06 | Crear | Villager (Male) |
| 24:10 | Construir | Farm |
Build order — anhdeptraibd
Primeras 150 de 368 acciones detectadas
| 0:02 | Crear | Villager (Male) ×4 |
| 0:02 | Crear | Villager (Male) ×4 |
| 0:04 | Construir | House |
| 0:06 | Construir | House |
| 0:35 | Investigar | Loom |
| 1:11 | Crear | Villager (Male) |
| 1:11 | Crear | Villager (Male) |
| 1:45 | Crear | Villager (Male) |
| 1:57 | Construir | Lumber Camp |
| 1:58 | Crear | Villager (Male) |
| 1:58 | Crear | Villager (Male) |
| 2:35 | Crear | Villager (Male) |
| 2:36 | Crear | Villager (Male) |
| 2:59 | Crear | Villager (Male) |
| 2:59 | Crear | Villager (Male) |
| 3:20 | Crear | Villager (Male) |
| 3:20 | Crear | Villager (Male) |
| 3:47 | Construir | House |
| 3:56 | Crear | Villager (Male) |
| 3:56 | Crear | Villager (Male) |
| 4:20 | Construir | Mill |
| 4:22 | Crear | Villager (Male) |
| 4:22 | Crear | Villager (Male) |
| 4:42 | Construir | House |
| 4:43 | Crear | Villager (Male) |
| 4:43 | Crear | Villager (Male) |
| 5:12 | Crear | Villager (Male) |
| 5:12 | Crear | Villager (Male) |
| 5:15 | Construir | House |
| 5:21 | Crear | Villager (Male) |
| 5:22 | Crear | Villager (Male) |
| 5:53 | Crear | Villager (Male) |
| 5:54 | Crear | Villager (Male) |
| 5:54 | Crear | Villager (Male) |
| 6:30 | Crear | Villager (Male) |
| 7:17 | Crear | Villager (Male) |
| 7:27 | Crear | Villager (Male) |
| 7:33 | Construir | Lumber Camp |
| 8:25 | Crear | Villager (Male) |
| 8:33 | Crear | Villager (Male) |
| 8:34 | Crear | Villager (Male) |
| 8:52 | Construir | Mining Camp |
| 9:59 | Construir | House |
| 10:00 | Construir | House |
| 10:06 | Construir | House |
| 10:07 | Construir | House |
| 10:11 | Investigar | Feudal Age |
| 10:12 | Investigar | Feudal Age |
| 11:45 | Construir | Farm |
| 11:46 | Construir | Farm |
| 11:52 | Construir | Barracks |
| 12:07 | Crear | Villager (Male) |
| 12:08 | Crear | Villager (Male) |
| 12:21 | Edad | Edad Feudal |
| 12:23 | Crear | Villager (Male) |
| 12:24 | Crear | Villager (Male) |
| 12:43 | Construir | Stable |
| 12:45 | Construir | Blacksmith |
| 13:16 | Construir | Mining Camp |
| 13:32 | Construir | Lumber Camp |
| 13:46 | Investigar | Castle Age |
| 13:46 | Investigar | Castle Age |
| 13:47 | Investigar | Castle Age |
| 13:52 | Construir | Farm |
| 13:56 | Construir | Farm |
| 13:59 | Construir | Farm |
| 14:14 | Construir | Farm |
| 14:36 | Construir | Farm |
| 14:41 | Construir | Farm |
| 14:49 | Investigar | Double-Bit Axe |
| 14:49 | Investigar | Double-Bit Axe |
| 15:00 | Investigar | Horse Collar |
| 15:00 | Investigar | Horse Collar |
| 16:41 | Edad | Edad de los Castillos |
| 16:44 | Crear | Villager (Male) |
| 16:44 | Crear | Villager (Male) |
| 16:50 | Construir | Town Center |
| 16:57 | Construir | Town Center |
| 17:04 | Crear | Villager (Male) |
| 17:10 | Investigar | Heavy Plow |
| 17:11 | Investigar | Heavy Plow |
| 17:12 | Investigar | Bow Saw |
| 17:12 | Investigar | Bow Saw |
| 17:14 | Crear | Villager (Male) |
| 17:38 | Crear | Villager (Male) |
| 18:08 | Crear | Villager (Male) |
| 18:13 | Construir | Town Center |
| 18:27 | Crear | Villager (Male) |
| 18:27 | Crear | Villager (Male) |
| 18:28 | Crear | Villager (Male) |
| 18:28 | Crear | Villager (Male) |
| 18:30 | Construir | Farm |
| 18:31 | Construir | Farm |
| 18:32 | Construir | Farm |
| 18:33 | Construir | Farm |
| 18:42 | Crear | Villager (Male) |
| 18:43 | Crear | Villager (Male) |
| 18:43 | Crear | Villager (Male) |
| 18:44 | Crear | Villager (Male) |
| 19:01 | Crear | Villager (Male) |
| 19:41 | Construir | University |
| 19:49 | Construir | Siege Workshop |
| 19:52 | Crear | Villager (Male) |
| 19:54 | Crear | Villager (Male) |
| 19:56 | Crear | Villager (Male) |
| 20:00 | Construir | House |
| 20:03 | Construir | House |
| 20:04 | Construir | House |
| 20:05 | Construir | House |
| 20:07 | Crear | Villager (Male) |
| 20:07 | Crear | Villager (Male) |
| 20:10 | Construir | Farm |
| 20:12 | Construir | Farm |
| 20:16 | Crear | Villager (Male) |
| 20:20 | Construir | House |
| 20:21 | Construir | House |
| 20:22 | Construir | House |
| 20:23 | Construir | House |
| 20:38 | Crear | Villager (Male) |
| 20:39 | Crear | Villager (Male) |
| 20:41 | Crear | Villager (Male) |
| 20:44 | Crear | Villager (Male) |
| 20:47 | Construir | Farm |
| 20:52 | Construir | Farm |
| 20:52 | Construir | Farm |
| 20:54 | Crear | Villager (Male) |
| 20:58 | Construir | Farm |
| 21:00 | Construir | Farm |
| 21:02 | Construir | Farm |
| 21:12 | Construir | Farm |
| 21:14 | Construir | Farm |
| 21:15 | Construir | Farm |
| 21:17 | Crear | Villager (Male) |
| 21:18 | Crear | Villager (Male) |
| 21:20 | Crear | Villager (Male) |
| 21:21 | Crear | Villager (Male) |
| 21:31 | Construir | Farm |
| 21:32 | Construir | Farm |
| 21:33 | Construir | Farm |
| 21:41 | Construir | Archery Range |
| 21:54 | Construir | Farm |
| 21:55 | Construir | Farm |
| 22:12 | Construir | Farm |
| 22:15 | Construir | Farm |
| 22:28 | Construir | Farm |
| 22:29 | Construir | Farm |
| 22:29 | Construir | Farm |
| 22:37 | Construir | House |
| 22:37 | Construir | House |
| 22:38 | Construir | House |
Build order — atilaalmogaver
Primeras 150 de 306 acciones detectadas
| 0:02 | Crear | Villager (Male) |
| 0:03 | Crear | Villager (Male) |
| 0:03 | Crear | Villager (Male) |
| 0:04 | Construir | House |
| 0:05 | Construir | House |
| 0:24 | Crear | Villager (Male) |
| 1:36 | Crear | Villager (Male) |
| 1:36 | Crear | Villager (Male) |
| 2:13 | Crear | Villager (Male) |
| 2:13 | Crear | Villager (Male) |
| 2:41 | Crear | Villager (Male) |
| 2:41 | Crear | Villager (Male) |
| 3:13 | Crear | Villager (Male) |
| 3:13 | Crear | Villager (Male) |
| 3:51 | Crear | Villager (Male) |
| 4:01 | Investigar | Loom |
| 4:28 | Crear | Villager (Male) |
| 4:28 | Crear | Villager (Male) |
| 4:43 | Crear | Villager (Male) |
| 4:47 | Construir | House |
| 4:51 | Construir | Lumber Camp |
| 5:31 | Construir | House |
| 5:39 | Crear | Villager (Male) |
| 5:54 | Construir | House |
| 6:17 | Crear | Villager (Male) |
| 6:17 | Crear | Villager (Male) |
| 6:37 | Crear | Villager (Male) |
| 7:31 | Crear | Villager (Male) |
| 7:32 | Crear | Villager (Male) |
| 7:54 | Construir | Mill |
| 7:55 | Crear | Villager (Male) |
| 8:32 | Crear | Villager (Male) |
| 8:43 | Crear | Villager (Male) |
| 9:20 | Crear | Villager (Male) |
| 9:24 | Construir | Mining Camp |
| 9:47 | Crear | Villager (Male) |
| 9:58 | Construir | Mining Camp |
| 10:03 | Investigar | Feudal Age |
| 10:38 | Construir | Farm |
| 10:46 | Construir | House |
| 11:43 | Crear | Villager (Male) |
| 12:37 | Edad | Edad Feudal |
| 12:43 | Construir | Market |
| 12:47 | Construir | Blacksmith |
| 12:50 | Construir | House |
| 12:55 | Investigar | Double-Bit Axe |
| 13:37 | Investigar | Castle Age |
| 14:20 | Investigar | Padded Archer Armor |
| 14:26 | Investigar | Horse Collar |
| 15:24 | Crear | Villager (Male) |
| 15:24 | Crear | Villager (Male) |
| 15:35 | Construir | Farm |
| 15:36 | Construir | Farm |
| 15:40 | Construir | Farm |
| 15:42 | Construir | Farm |
| 16:17 | Edad | Edad de los Castillos |
| 16:26 | Construir | Castle |
| 16:44 | Construir | Farm |
| 17:02 | Construir | Farm |
| 17:08 | Crear | Villager (Male) |
| 17:18 | Construir | Farm |
| 17:32 | Crear | Villager (Male) |
| 17:35 | Crear | Conquistador |
| 17:35 | Crear | Conquistador |
| 17:51 | Construir | Lumber Camp |
| 18:03 | Crear | Conquistador |
| 18:04 | Crear | Conquistador |
| 18:16 | Crear | Conquistador |
| 18:25 | Construir | Farm |
| 18:26 | Construir | Farm |
| 18:33 | Crear | Villager (Male) |
| 18:45 | Construir | Farm |
| 19:15 | Crear | Petard |
| 19:30 | Crear | Conquistador |
| 19:33 | Crear | Villager (Male) |
| 19:38 | Construir | Farm |
| 20:18 | Crear | Conquistador |
| 20:18 | Crear | Conquistador |
| 20:19 | Crear | Conquistador |
| 20:28 | Construir | Farm |
| 20:29 | Construir | Farm |
| 20:37 | Crear | Conquistador |
| 20:37 | Crear | Conquistador |
| 20:39 | Crear | Villager (Male) |
| 20:39 | Crear | Villager (Male) |
| 20:43 | Construir | Farm |
| 21:10 | Crear | Petard |
| 21:24 | Construir | Farm |
| 21:26 | Investigar | Leather Archer Armor |
| 21:37 | Crear | Conquistador |
| 21:37 | Crear | Conquistador |
| 22:22 | Crear | Conquistador |
| 22:23 | Crear | Conquistador |
| 22:34 | Crear | Villager (Male) |
| 22:34 | Crear | Villager (Male) |
| 22:34 | Crear | Villager (Male) |
| 23:12 | Crear | Villager (Male) |
| 23:13 | Crear | Villager (Male) |
| 23:21 | Construir | Farm |
| 23:23 | Construir | Farm |
| 23:24 | Construir | Farm |
| 23:26 | Construir | Farm |
| 23:35 | Crear | Conquistador |
| 23:36 | Crear | Conquistador |
| 23:37 | Crear | Villager (Male) |
| 23:37 | Crear | Villager (Male) |
| 23:58 | Construir | Gate |
| 24:38 | Construir | Farm |
| 24:39 | Crear | Villager (Male) |
| 24:40 | Crear | Villager (Male) |
| 24:46 | Investigar | Caravan |
| 24:48 | Crear | Trade Cart |
| 24:48 | Crear | Trade Cart |
| 24:48 | Crear | Trade Cart |
| 25:10 | Crear | Villager (Male) |
| 25:10 | Crear | Villager (Male) |
| 25:18 | Construir | Lumber Camp |
| 25:38 | Crear | Villager (Male) |
| 25:54 | Crear | Trade Cart |
| 25:54 | Crear | Trade Cart |
| 25:56 | Crear | Villager (Male) |
| 25:57 | Crear | Villager (Male) |
| 26:17 | Construir | Stone Wall |
| 26:18 | Construir | Stone Wall |
| 27:14 | Construir | House |
| 27:14 | Construir | House |
| 27:14 | Construir | House |
| 27:15 | Construir | House |
| 27:15 | Construir | House |
| 27:15 | Construir | House |
| 27:32 | Construir | Town Center |
| 28:15 | Crear | Villager (Male) |
| 28:15 | Crear | Villager (Male) |
| 28:18 | Crear | Villager (Male) |
| 28:18 | Crear | Villager (Male) |
| 28:19 | Crear | Villager (Male) |
| 28:20 | Construir | Farm |
| 28:36 | Crear | Villager (Male) |
| 28:36 | Crear | Villager (Male) |
| 28:36 | Crear | Villager (Male) |
| 28:46 | Crear | Conquistador |
| 28:47 | Crear | Conquistador |
| 29:27 | Construir | House |
| 29:27 | Construir | House |
| 29:31 | Investigar | Wheelbarrow |
| 29:33 | Crear | Villager (Male) |
| 29:33 | Crear | Villager (Male) |
| 29:34 | Crear | Villager (Male) |
| 29:35 | Construir | Farm |
| 29:39 | Construir | Farm |
Build order — Wololo
Primeras 150 de 222 acciones detectadas
| 0:03 | Construir | House |
| 0:05 | Construir | House |
| 0:05 | Crear | Villager (Male) |
| 0:05 | Crear | Villager (Male) |
| 0:06 | Crear | Villager (Male) |
| 0:06 | Crear | Villager (Male) |
| 0:06 | Crear | Villager (Male) |
| 1:28 | Crear | Villager (Male) |
| 1:29 | Crear | Villager (Male) |
| 1:52 | Construir | Lumber Camp |
| 1:59 | Crear | Villager (Male) |
| 2:00 | Crear | Villager (Male) |
| 2:00 | Crear | Villager (Male) |
| 2:51 | Crear | Villager (Male) |
| 2:52 | Crear | Villager (Male) |
| 3:17 | Crear | Villager (Male) |
| 3:17 | Crear | Villager (Male) |
| 3:18 | Crear | Villager (Male) |
| 3:45 | Construir | House |
| 3:46 | Construir | House |
| 4:14 | Crear | Villager (Male) |
| 4:15 | Crear | Villager (Male) |
| 4:30 | Investigar | Loom |
| 4:31 | Crear | Villager (Male) |
| 4:31 | Crear | Villager (Male) |
| 4:31 | Crear | Villager (Male) |
| 4:54 | Crear | Villager (Male) |
| 4:54 | Crear | Villager (Male) |
| 4:55 | Crear | Villager (Male) |
| 6:17 | Crear | Villager (Male) |
| 6:18 | Crear | Villager (Male) |
| 6:18 | Crear | Villager (Male) |
| 6:18 | Crear | Villager (Male) |
| 6:30 | Crear | Villager (Male) |
| 6:30 | Crear | Villager (Male) |
| 6:31 | Crear | Villager (Male) |
| 7:28 | Construir | Mill |
| 7:37 | Crear | Villager (Male) |
| 8:19 | Construir | Mill |
| 8:41 | Investigar | Feudal Age |
| 9:16 | Construir | Mining Camp |
| 9:39 | Crear | Villager (Male) |
| 9:39 | Crear | Villager (Male) |
| 9:39 | Crear | Villager (Male) |
| 11:16 | Construir | House |
| 11:23 | Edad | Edad Feudal |
| 11:44 | Construir | Market |
| 11:50 | Construir | Blacksmith |
| 12:38 | Investigar | Castle Age |
| 13:35 | Investigar | Double-Bit Axe |
| 13:37 | Investigar | Horse Collar |
| 13:57 | Crear | Villager (Male) |
| 13:58 | Crear | Villager (Male) |
| 13:58 | Crear | Villager (Male) |
| 14:03 | Construir | House |
| 14:05 | Construir | House |
| 14:22 | Construir | Farm |
| 14:29 | Construir | Farm |
| 14:36 | Construir | Farm |
| 15:12 | Construir | Farm |
| 15:16 | Construir | Farm |
| 15:18 | Edad | Edad de los Castillos |
| 15:21 | Crear | Villager (Male) |
| 15:33 | Construir | Farm |
| 15:35 | Construir | Farm |
| 15:38 | Construir | Farm |
| 15:56 | Construir | Farm |
| 15:59 | Construir | Farm |
| 16:02 | Crear | Villager (Male) |
| 17:12 | Construir | Monastery |
| 17:17 | Crear | Villager (Male) |
| 17:45 | Crear | Villager (Male) |
| 18:00 | Construir | University |
| 18:22 | Crear | Villager (Male) |
| 18:43 | Investigar | Imperial Age |
| 19:41 | Construir | Barracks |
| 19:47 | Construir | House |
| 19:49 | Construir | House |
| 19:50 | Construir | House |
| 20:05 | Investigar | Bow Saw |
| 20:07 | Crear | Villager (Male) |
| 20:08 | Crear | Villager (Male) |
| 20:09 | Crear | Villager (Male) |
| 20:43 | Construir | Stone Wall |
| 20:45 | Construir | Stone Wall |
| 20:47 | Construir | Stone Wall |
| 21:12 | Construir | Stone Wall |
| 21:40 | Crear | Villager (Male) |
| 21:50 | Construir | Stone Wall |
| 21:55 | Construir | Gate |
| 21:57 | Edad | Edad Imperial |
| 22:12 | Construir | Mining Camp |
| 22:15 | Investigar | Stone Mining |
| 22:36 | Investigar | Fletching |
| 22:41 | Construir | Archery Range |
| 22:50 | Investigar | Stone Shaft Mining |
| 23:16 | Investigar | Bodkin Arrow |
| 24:32 | Construir | Castle |
| 25:11 | Construir | Mining Camp |
| 25:36 | Investigar | Bracer |
| 26:13 | Construir | Lumber Camp |
| 27:27 | Construir | Feitoria |
| 27:42 | Construir | House |
| 27:46 | Construir | House |
| 27:47 | Construir | House |
| 27:48 | Construir | House |
| 27:49 | Construir | House |
| 27:51 | Construir | House |
| 27:53 | Construir | House |
| 27:54 | Construir | House |
| 27:57 | Construir | House |
| 28:00 | Construir | House |
| 28:40 | Crear | Skirmisher |
| 28:41 | Crear | Skirmisher |
| 30:01 | Construir | Feitoria |
| 30:42 | Construir | Feitoria |
| 31:08 | Crear | Monk |
| 31:18 | Construir | Feitoria |
| 31:29 | Construir | House |
| 31:29 | Construir | House |
| 31:29 | Construir | House |
| 31:29 | Construir | House |
| 31:29 | Construir | House |
| 31:29 | Construir | House |
| 31:30 | Construir | House |
| 31:30 | Construir | House |
| 31:30 | Construir | House |
| 31:30 | Construir | House |
| 31:30 | Construir | House |
| 31:45 | Construir | Mining Camp |
| 31:57 | Investigar | Gold Mining |
| 32:12 | Construir | Feitoria |
| 32:40 | Investigar | Crossbowman (upgrade) |
| 32:42 | Investigar | Thumb Ring |
| 33:10 | Construir | Archery Range |
| 33:20 | Crear | Villager (Male) |
| 33:21 | Crear | Villager (Male) |
| 33:21 | Crear | Villager (Male) |
| 33:21 | Crear | Villager (Male) |
| 33:22 | Crear | Villager (Male) |
| 33:34 | Construir | House |
| 33:35 | Construir | House |
| 33:36 | Construir | House |
| 33:36 | Construir | House |
| 33:36 | Construir | House |
| 33:36 | Construir | House |
| 33:53 | Construir | Feitoria |
| 34:14 | Construir | Archery Range |
| 34:16 | Crear | Archer |
| 34:17 | Crear | Archer |
Build order — 魔兽难民
Primeras 150 de 516 acciones detectadas
| 0:03 | Construir | House |
| 0:04 | Construir | House |
| 0:05 | Crear | Villager (Male) |
| 0:06 | Investigar | Loom |
| 0:07 | Investigar | Loom |
| 0:07 | Investigar | Loom |
| 0:43 | Crear | Villager (Male) |
| 0:43 | Crear | Villager (Male) |
| 0:43 | Crear | Villager (Male) |
| 0:44 | Crear | Villager (Male) |
| 0:44 | Crear | Villager (Male) |
| 1:00 | Construir | Palisade Wall |
| 2:40 | Crear | Villager (Male) |
| 2:40 | Crear | Villager (Male) |
| 2:40 | Crear | Villager (Male) |
| 3:01 | Crear | Villager (Male) |
| 3:02 | Crear | Villager (Male) |
| 3:02 | Crear | Villager (Male) |
| 3:40 | Crear | Villager (Male) |
| 3:40 | Crear | Villager (Male) |
| 3:40 | Crear | Villager (Male) |
| 4:06 | Crear | Villager (Male) |
| 4:06 | Crear | Villager (Male) |
| 4:06 | Crear | Villager (Male) |
| 4:36 | Crear | Villager (Male) |
| 4:36 | Crear | Villager (Male) |
| 4:37 | Crear | Villager (Male) |
| 4:54 | Construir | House |
| 4:56 | Construir | House |
| 5:04 | Crear | Villager (Male) |
| 5:05 | Crear | Villager (Male) |
| 5:05 | Crear | Villager (Male) |
| 5:21 | Construir | Lumber Camp |
| 5:40 | Crear | Villager (Male) |
| 5:40 | Crear | Villager (Male) |
| 5:40 | Crear | Villager (Male) |
| 5:41 | Crear | Villager (Male) |
| 5:42 | Crear | Villager (Male) |
| 5:56 | Construir | House |
| 6:36 | Crear | Villager (Male) |
| 6:56 | Crear | Villager (Male) |
| 6:56 | Crear | Villager (Male) |
| 6:56 | Crear | Villager (Male) |
| 7:03 | Construir | House |
| 7:35 | Crear | Villager (Male) |
| 7:36 | Crear | Villager (Male) |
| 7:36 | Crear | Villager (Male) |
| 7:36 | Crear | Villager (Male) |
| 7:37 | Crear | Villager (Male) |
| 7:37 | Crear | Villager (Male) |
| 8:12 | Crear | Villager (Male) |
| 8:23 | Construir | Mill |
| 8:25 | Crear | Villager (Male) |
| 8:25 | Crear | Villager (Male) |
| 8:50 | Crear | Villager (Male) |
| 8:51 | Crear | Villager (Male) |
| 9:36 | Crear | Villager (Male) |
| 9:50 | Construir | Mining Camp |
| 10:59 | Investigar | Feudal Age |
| 11:00 | Investigar | Feudal Age |
| 11:00 | Investigar | Feudal Age |
| 12:04 | Construir | Lumber Camp |
| 12:49 | Crear | Villager (Male) |
| 12:49 | Crear | Villager (Male) |
| 13:03 | Edad | Edad Feudal |
| 13:07 | Construir | Blacksmith |
| 13:12 | Construir | Market |
| 13:44 | Construir | House |
| 13:46 | Construir | House |
| 14:27 | Investigar | Castle Age |
| 14:27 | Investigar | Castle Age |
| 14:27 | Investigar | Castle Age |
| 14:42 | Construir | Palisade Wall |
| 15:04 | Investigar | Double-Bit Axe |
| 15:05 | Investigar | Double-Bit Axe |
| 15:05 | Investigar | Double-Bit Axe |
| 15:11 | Investigar | Horse Collar |
| 15:11 | Investigar | Horse Collar |
| 15:12 | Investigar | Horse Collar |
| 15:36 | Construir | Farm |
| 15:38 | Construir | Farm |
| 15:49 | Crear | Villager (Male) |
| 15:50 | Crear | Villager (Male) |
| 16:52 | Edad | Edad de los Castillos |
| 16:57 | Construir | Town Center |
| 17:18 | Construir | Town Center |
| 17:35 | Crear | Villager (Male) |
| 17:38 | Investigar | Bow Saw |
| 17:38 | Investigar | Bow Saw |
| 17:38 | Investigar | Bow Saw |
| 18:09 | Investigar | Heavy Plow |
| 18:10 | Crear | Villager (Male) |
| 18:11 | Crear | Villager (Male) |
| 18:30 | Crear | Villager (Male) |
| 18:31 | Crear | Villager (Male) |
| 18:39 | Construir | Farm |
| 18:41 | Construir | Farm |
| 18:51 | Construir | Palisade Wall |
| 18:59 | Construir | Farm |
| 18:59 | Construir | Farm |
| 19:00 | Construir | Farm |
| 19:08 | Construir | Farm |
| 19:27 | Crear | Villager (Male) |
| 19:28 | Crear | Villager (Male) |
| 19:28 | Crear | Villager (Male) |
| 19:30 | Construir | Farm |
| 19:34 | Construir | Farm |
| 19:43 | Crear | Villager (Male) ×2 |
| 19:48 | Construir | Farm |
| 19:59 | Construir | Farm |
| 20:02 | Crear | Villager (Male) |
| 20:03 | Crear | Villager (Male) |
| 20:03 | Crear | Villager (Male) |
| 20:10 | Construir | Farm |
| 20:22 | Crear | Villager (Male) |
| 20:22 | Crear | Villager (Male) |
| 20:22 | Crear | Villager (Male) |
| 20:39 | Construir | Farm |
| 20:43 | Crear | Villager (Male) |
| 20:50 | Construir | Farm |
| 20:51 | Construir | Farm |
| 20:58 | Crear | Villager (Male) |
| 20:58 | Crear | Villager (Male) |
| 21:00 | Construir | Farm |
| 21:07 | Crear | Villager (Male) |
| 21:08 | Crear | Villager (Male) |
| 21:08 | Crear | Villager (Male) |
| 21:15 | Construir | Farm |
| 21:21 | Construir | Farm |
| 21:23 | Construir | Farm |
| 21:25 | Crear | Villager (Male) |
| 21:26 | Crear | Villager (Male) |
| 21:26 | Crear | Villager (Male) |
| 21:41 | Crear | Villager (Male) |
| 21:41 | Crear | Villager (Male) |
| 21:55 | Crear | Villager (Male) |
| 21:56 | Crear | Villager (Male) |
| 21:56 | Crear | Villager (Male) |
| 22:00 | Construir | Farm |
| 22:08 | Crear | Villager (Male) |
| 22:09 | Crear | Villager (Male) |
| 22:12 | Construir | Mill |
| 22:13 | Construir | Farm |
| 22:14 | Construir | Farm |
| 22:16 | Construir | Farm |
| 22:23 | Crear | Villager (Male) |
| 22:23 | Crear | Villager (Male) |
| 22:23 | Crear | Villager (Male) |
| 22:24 | Crear | Villager (Male) |
| 22:31 | Construir | Farm |
Cronología de la partida
| 1:00 | 魔兽难民 · wall_segment Palisade Wall x6 |
| 1:19 | Art88P · wall_segment Palisade Wall x7 |
| 2:00 | Art88P · wall_segment Palisade Wall x1 |
| 2:50 | SHADOW2727z · wall_segment Palisade Wall x11 |
| 3:19 | Сибирь · wall_segment Palisade Wall x1 |
| 3:35 | SHADOW2727z · wall_segment Palisade Wall x1 |
| 4:03 | Сибирь · wall_segment Palisade Wall x1 |
| 4:22 | Сибирь · wall_segment Palisade Wall x1 |
| 4:28 | Сибирь · wall_segment Palisade Wall x1 |
| 4:50 | SHADOW2727z · wall_segment Palisade Wall x10 |
| 5:34 | SHADOW2727z · wall_segment Palisade Wall x1 |
| 6:02 | Art88P · wall_segment Palisade Wall x1 |
| 6:04 | Art88P · wall_segment Palisade Wall x1 |
| 7:00 | Art88P · wall_segment Palisade Wall x1 |
| 7:00 | Art88P · wall_segment Palisade Wall x1 |
| 8:05 | SHADOW2727z · wall_segment Palisade Wall x12 |
| 8:19 | Сибирь · wall_segment Palisade Wall x1 |
| 8:20 | Сибирь · wall_segment Palisade Wall x1 |
| 8:21 | Сибирь · wall_segment Palisade Wall x1 |
| 8:23 | Сибирь · wall_segment Palisade Wall x1 |
| 8:24 | Сибирь · wall_segment Palisade Wall x1 |
| 10:37 | Сибирь · wall_segment Palisade Wall x1 |
| 11:06 | Showergod · first_building Barracks |
| 11:23 | Wololo · age_up feudal |
| 11:52 | anhdeptraibd · first_building Barracks |
| 12:14 | Сибирь · age_up feudal |
| 12:21 | anhdeptraibd · age_up feudal |
| 12:30 | Сибирь · wall_segment Stone Wall x9 |
| 12:37 | atilaalmogaver · age_up feudal |
| 12:43 | anhdeptraibd · first_building Stable |
| 12:55 | Showergod · age_up feudal |
| 13:03 | 魔兽难民 · age_up feudal |
| 13:41 | Art88P · wall_segment Palisade Wall x1 |
| 13:47 | Art88P · wall_segment Palisade Wall x1 |
| 13:47 | SHADOW2727z · wall_segment Stone Wall x7 |
| 14:01 | Art88P · wall_segment Palisade Wall x1 |
| 14:42 | 魔兽难民 · wall_segment Palisade Wall x1 |
| 14:55 | Showergod · first_building Stable |
| 14:58 | Art88P · age_up feudal |
| 15:11 | SHADOW2727z · first_building Barracks |
| 15:18 | Wololo · age_up castle |
| 15:58 | SHADOW2727z · wall_segment Stone Wall x5 |
| 16:06 | atilaalmogaver · first_market_sell 100 wood |
| 16:07 | atilaalmogaver · first_market_buy 100 stone |
| 16:17 | atilaalmogaver · age_up castle |
| 16:26 | atilaalmogaver · first_building Castle |
| 16:39 | 魔兽难民 · first_market_buy 100 food |
| 16:41 | anhdeptraibd · age_up castle |
| 16:52 | 魔兽难民 · age_up castle |
| 17:12 | Wololo · first_building Monastery |
| 17:25 | Сибирь · first_market_buy 100 food |
| 17:49 | Showergod · age_up castle |
| 17:56 | Art88P · first_market_sell 100 wood |
| 18:01 | Сибирь · wall_segment Stone Wall x13 |
| 18:12 | SHADOW2727z · wall_segment Stone Wall x4 |
| 18:21 | SHADOW2727z · wall_segment Stone Wall x4 |
| 18:41 | Wololo · first_market_sell 100 wood |
| 18:51 | 魔兽难民 · wall_segment Palisade Wall x7 |
| 18:54 | Сибирь · wall_segment Stone Wall x1 |
| 18:55 | Сибирь · wall_segment Stone Wall x1 |
| 18:58 | Сибирь · wall_segment Stone Wall x1 |
| 18:59 | Сибирь · wall_segment Stone Wall x1 |
| 19:01 | Сибирь · wall_segment Stone Wall x1 |
| 19:41 | Wololo · first_building Barracks |
| 19:44 | Сибирь · wall_segment Stone Wall x1 |
| 19:47 | Showergod · first_building Monastery |
| 19:49 | anhdeptraibd · first_building Siege Workshop |
| 19:51 | SHADOW2727z · wall_segment Stone Wall x7 |
| 20:06 | Сибирь · age_up castle |
| 20:08 | Сибирь · wall_segment Stone Wall x1 |
| 20:40 | Сибирь · wall_segment Stone Wall x4 |
| 20:43 | Wololo · wall_segment Stone Wall x6 |
| 20:45 | Wololo · wall_segment Stone Wall x10 |
| 20:47 | Wololo · wall_segment Stone Wall x5 |
| 21:03 | Сибирь · first_market_sell 100 wood |
| 21:12 | Wololo · wall_segment Stone Wall x5 |
| 21:16 | Сибирь · first_building Castle |
| 21:32 | Art88P · age_up castle |
| 21:41 | anhdeptraibd · first_building Archery Range |
| 21:50 | Wololo · wall_segment Stone Wall x9 |
| 21:51 | Сибирь · wall_segment Stone Wall x1 |
| 21:53 | Сибирь · wall_segment Stone Wall x1 |
| 21:57 | Wololo · age_up imperial |
| 22:41 | Wololo · first_building Archery Range |
| 23:46 | Wololo · first_market_buy 100 stone |
| 24:24 | 魔兽难民 · first_building Castle |
| 24:32 | Wololo · first_building Castle |
| 25:14 | SHADOW2727z · first_building Monastery |
| 26:17 | atilaalmogaver · wall_segment Stone Wall x5 |
| 26:18 | atilaalmogaver · wall_segment Stone Wall x4 |
| 26:29 | Showergod · first_building Castle |
| 27:12 | anhdeptraibd · age_up imperial |
| 27:15 | Showergod · first_building Archery Range |
| 27:36 | 魔兽难民 · first_building Monastery |
| 29:44 | SHADOW2727z · first_building Castle |
| 29:53 | 魔兽难民 · age_up imperial |
| 30:01 | Art88P · first_building Castle |
| 30:16 | Showergod · age_up imperial |
| 30:19 | anhdeptraibd · first_building Castle |
| 30:19 | atilaalmogaver · wall_segment Stone Wall x4 |
| 30:47 | Сибирь · first_building Siege Workshop |
| 30:58 | Сибирь · wall_segment Stone Wall x5 |
| 31:02 | Сибирь · wall_segment Stone Wall x9 |
| 31:06 | 魔兽难民 · first_market_sell 500 wood |
| 31:25 | Art88P · first_building Monastery |
| 31:44 | Showergod · first_building Siege Workshop |
| 32:00 | Art88P · first_building Barracks |
| 32:26 | Art88P · wall_segment Stone Wall x5 |
| 32:31 | SHADOW2727z · first_building Stable |
| 32:53 | Art88P · first_building Stable |
| 33:11 | Сибирь · wall_segment Stone Wall x1 |
| 33:13 | Сибирь · wall_segment Stone Wall x1 |
| 33:14 | Сибирь · wall_segment Stone Wall x1 |
| 33:18 | Art88P · first_market_buy 100 stone |
| 33:27 | atilaalmogaver · first_building Barracks |
| 33:39 | Сибирь · age_up imperial |
| 34:42 | Сибирь · wall_segment Stone Wall x14 |
| 34:50 | atilaalmogaver · age_up imperial |
| 34:59 | Art88P · age_up imperial |
| 35:01 | anhdeptraibd · first_market_sell 100 wood |
| 35:56 | Сибирь · first_building Barracks |
| 36:07 | Art88P · first_building Archery Range |
| 38:15 | Art88P · wall_segment Stone Wall x11 |
| 38:17 | Art88P · wall_segment Stone Wall x6 |
| 38:19 | Art88P · wall_segment Stone Wall x1 |
| 38:43 | 魔兽难民 · first_building Barracks |
| 40:08 | 魔兽难民 · first_building Stable |
| 41:35 | Art88P · wall_segment Stone Wall x1 |
| 41:36 | Art88P · wall_segment Stone Wall x1 |
| 41:40 | atilaalmogaver · wall_segment Stone Wall x26 |
| 41:57 | Showergod · resign |
[ ANÁLISIS IA · 1 CRÉDITO ]
¿Qué pasó realmente en esta partida?
Wolo.gg analiza cada decisión: build order, eco, micro, errores típicos por bracket. Análisis personalizado por WhatsApp o Discord en 30 segundos.
Guía civ
Indostaníes
Perfil
Jugador #19909228